 Dungeon Crawl Stone Soup version 0.20-a0-435-ga4f17a0 (webtiles) character file.

6938 Implojin the Fighter (level 10, -9/83 HPs)
             Began as a Mummy Chaos Knight on Jan 18, 2017.
             Mangled by a cyclops (24 damage)
             ... on level 9 of the Dungeon.
             The game lasted 00:29:24 (11149 turns).

Implojin the Fighter (Mummy Chaos Knight)          Turns: 11149, Time: 00:29:25

Health: -9/83      AC: 15    Str: 15    XL:     10   Next: 80%
Magic:  10/10      EV:  7    Int: 11    God:    Xom [..*...]
Gold:   561        SH:  0    Dex: 18    Spells: 5/9 levels left

rFire  + . .     SeeInvis .       - Unarmed
rCold  + . .     Gourm    .     w - +1 chain mail {rC+}
rNeg   + + +     Faith    .     (no shield)
rPois  ∞         Spirit   .     L - +1 hat
rElec  +         Reflect  .     B - +0 cloak
rCorr  .         Harm     .     c - +0 pair of gloves
MR     +....                    (no boots)
Stlth  ..........               (no amulet)
                                H - ring "Sacosiemu" {Fire rElec Dex+2 Stlth+}
                                f - ring of protection from fire

@: no status effects
A: no food or potions, fire vulnerability, cold resistance 1, negative energy
resistance 3, torment resistance, unbreathing
a: Renounce Religion


You were on level 9 of the Dungeon.
You worshipped Xom.
You were a toy of Xom.
You were not hungry.

You visited 1 branch of the dungeon, and saw 9 of its levels.

You collected 561 gold pieces.

Inventory:

Hand Weapons
 d - a +1 war axe of flaming
 j - a +1 battleaxe of chaos
 l - a +4 scimitar of flaming
 n - a +0 hunting sling
 q - a +0 war axe
 x - a +2 hand axe of chopping
 E - a +0 morningstar
 K - a +1 dagger of venom
Missiles
 b - 9 javelins (quivered)
 h - 58 sling bullets
 o - a throwing net
 s - 12 tomahawks
Armour
 a - a cursed +2 leather armour
 c - a +0 pair of gloves (worn)
 i - a +0 scale mail
 t - a +0 ring mail
 w - a +1 chain mail of cold resistance (worn)
 z - a cursed +0 plate armour
 B - a +0 cloak (worn)
 L - a +1 hat (worn)
Jewellery
 f - a ring of protection from fire (left hand)
 v - an uncursed ring of wizardry
 y - an uncursed ring of fire
 C - an uncursed ring of stealth
 H - the ring "Sacosiemu" (right hand) {Fire rElec Dex+2 Stlth+}
   (Xom gifted it to you on level 6 of the Dungeon)

   [ring of fire]

   It enhances your fire magic.
   It affects your dexterity (+2).
   It protects you from fire.
   It makes you vulnerable to cold.
   It insulates you from electricity.
   It makes you more stealthy.
Wands
 k - a wand of clouds (5/9)
 p - a wand of acid (0/15)
 D - a wand of lightning (0/15)
 F - a wand of flame (14/48)
Scrolls
 e - 4 scrolls of identify
 m - 2 scrolls of fog
 r - 2 scrolls of enchant weapon
 u - 4 scrolls of teleportation
 G - a scroll of amnesia
 I - a scroll of magic mapping
 J - a scroll of recharging
 M - a scroll of enchant armour {unknown}
Books
 A - a book of Clouds

   Spells                             Type                      Level
   a - Mephitic Cloud                 Conjuration/Poison/Air       3
   b - Conjure Flame                  Conjuration/Fire             3
   c - Poisonous Cloud                Conjuration/Poison/Air       5
   d - Freezing Cloud                 Conjuration/Ice/Air          6
   e - Ring of Flames                 Charms/Fire                  7


   Skills:
 * Level 9.4 Fighting
 - Level 8.2 Armour
 - Level 1.5 Dodging
 - Level 9.0 Unarmed Combat


You had 5 spell levels left.
You knew the following spells:

 Your Spells              Type           Power        Failure   Level  Hunger
a - Swiftness             Chrm/Air       #.......     100%        2    N/A
b - Repel Missiles        Chrm/Air       #.....       100%        2    N/A

Dungeon Overview and Level Annotations

Branches:
Dungeon (9/15)             Temple (0/1) D:7            Lair (0/6) D:8
    Orc (0/2) D:9

Altars:
Cheibriados
Dithmenos
Elyvilon
Fedhas
Gozag
Hepliaklqana
Qazlal
Xom

Shops:
D:5 }   D:8 %


Innate Abilities, Weirdness & Mutations

You do not eat or drink.
Your flesh is vulnerable to fire.
You are immune to poison.
Your flesh is cold resistant. (rC+)
You are immune to negative energy. (rN+++)
You are immune to unholy pain and torment.
You can survive without breathing.


Message History

You see here a large rock.
A cyclops is nearby!
The cyclops throws a large rock.
The large rock barely misses you.
You see here a large rock.
The cyclops barely misses you.
You hit the cyclops.
The cyclops is lightly wounded.
You hit the cyclops.
The cyclops is moderately wounded.
The cyclops hits you!!
Your chain mail prevents you from hitting the cyclops.
You punch the cyclops!
The cyclops is moderately wounded.
You hit the cyclops.
The cyclops is heavily wounded.
The cyclops barely misses you.
You punch the cyclops!
The cyclops is severely wounded.
The cyclops hits you!
* * * LOW HITPOINT WARNING * * *
Unknown command.
You hit the cyclops but do no damage.
The cyclops is severely wounded.
You punch the cyclops!
The cyclops is almost dead.
The cyclops hits you!
* * * LOW HITPOINT WARNING * * *
Unknown command.
You hit the cyclops.
The cyclops is almost dead.
You hit the cyclops but do no damage.
The cyclops is almost dead.
The cyclops hits you!!
* * * LOW HITPOINT WARNING * * *
Unknown command.
Okay, then.
As you read the scroll of fear, it crumbles to dust.
You assume a fearsome visage.
The cyclops resists with some effort.
The cyclops hits you!!
You die...

............##
#............# .#
#...........## .#
#...........# .#
#..........## #.#
#.#.....#..# ..
#.####.##### .#
..##.......# ##C#
#..#.......#####@.#
..............((.##
#..##.#..#########
#.......##
#.#.....# #.#.....#
#.#.....# ##......#
...######


You could see a cyclops.

Vanquished Creatures
  Gastronok (D:9)
  Erica (D:8)
  2 hippogriffs
  A spriggan (D:7)
  Menkaure (D:5)
  Grum (D:8)
  3 wargs (D:8)
  An orc warrior (D:9)
  2 ice beasts
  2 black bears
  A necrophage (D:8)
  2 phantoms
  A sky beast (D:9)
  2 centaurs
  7 ogres
  4 wolves (D:8)
  A big kobold (D:8)
  5 bullfrogs
  3 scorpions
  3 killer bees (D:9)
  3 crimson imps
  A bullfrog zombie (D:8)
  A bullfrog skeleton (D:8)
  4 hounds
  7 orc priests
  3 iguanas (D:8)
  4 orc wizards
  5 worker ants
  A hound zombie (D:7)
  2 hound skeletons (D:4)
  2 howler monkey zombies
  7 adders
  5 gnolls
  A shadow imp (D:8)
  2 oozes
  2 adder skeletons (D:6)
  2 worms
  5 leopard geckos
  27 orcs
  5 bats
  7 giant cockroaches
  7 goblins
  12 hobgoblins
  5 jackals
  6 kobolds
  3 quokkas
  3 ball pythons
  6 frilled lizards
  A jackal skeleton (D:8)
  A jackal zombie (D:7)
  7 rats
191 creatures vanquished.

Vanquished Creatures (collateral kills)
  A phantom (D:5)
  A jelly (D:7)
  A worker ant (D:7)
  3 gnolls (D:2)
  2 jackals (D:2)
  A kobold (D:2)
9 creatures vanquished.

Vanquished Creatures (others)
  4 kobolds (D:8)
4 creatures vanquished.

Grand Total: 204 creatures vanquished

Notes
Turn   | Place    | Note
-------+----------+-------------------------------------------
     0 | D:1      | Implojin the Mummy Chaos Knight began the quest for the Orb.
     0 | D:1      | Reached XP level 1. HP: 18/18 MP: 1/1
    68 | D:1      | XOM: harmless Necr miscast
   218 | D:1      | XOM: divination: detect creatures
   313 | D:1      | XOM: potion effect (brilliance)
   318 | D:1      | Reached XP level 2. HP: 24/24 MP: 2/2
   333 | D:1      | Reached skill level 3 in Unarmed Combat
   445 | D:1      | XOM: 1-stop teleportation journey
   493 | D:1      | XOM: god gift: book of Power
   822 | D:1      | XOM: harmless Conj miscast
  1014 | D:1      | XOM: summons 3 hostile shadow creatures
  1029 | D:1      | Reached XP level 3. HP: 23/29 MP: 3/3
  1112 | D:2      | a bezotted bat gained the power of zot.
  1334 | D:2      | XOM: noise
  1351 | D:2      | Reached skill level 4 in Unarmed Combat
  1418 | D:2      | XOM: silly message
  1510 | D:2      | XOM: noise
  1524 | D:2      | Reached XP level 4. HP: 33/35 MP: 4/4
  1554 | D:2      | XOM: harmless Hex miscast
  1995 | D:3      | XOM is BORED!
  1995 | D:3      | XOM: medium Hex miscast
  2141 | D:3      | Reached XP level 5. HP: 41/41 MP: 5/5
  2388 | D:3      | XOM: 1-stop teleportation journey
  2409 | D:4      | XOM: cast spell 'Confusing Touch'
  2424 | D:4      | Reached skill level 5 in Unarmed Combat
  2499 | D:3      | XOM: god gift: beef jerky
  2803 | D:4      | XOM: scenery: create altars
  2832 | D:4      | XOM: cloud trail
  3016 | D:4      | Reached XP level 6. HP: 45/47 MP: 6/6
  3281 | D:4      | XOM: god gift: glowing spear {god gift}
  3289 | D:4      | XOM: harmless Air miscast
  3434 | D:5      | Entered Level 5 of the Dungeon
  3495 | D:5      | Found Inenawiasi's Gadget Boutique.
  3534 | D:5      | XOM: god gift: scroll of teleportation
  3557 | D:5      | XOM: fog
  3562 | D:5      | XOM: summons 6 friendly demons
  3568 | D:5      | Reached skill level 6 in Unarmed Combat
  3587 | D:5      | XOM: cloud trail
  3589 | D:5      | Noticed Menkaure
  3596 | D:5      | Found a white marble altar of Elyvilon.
  3970 | D:5      | XOM: scenery: 1 doors open
  4083 | D:5      | XOM: cloud trail
  4123 | D:5      | XOM: harmless Air miscast
  4142 | D:5      | Killed Menkaure
  4142 | D:5      | Reached XP level 7. HP: 52/52 MP: 7/7
  4183 | D:5      | XOM: silly message
  4227 | D:6      | Reached skill level 7 in Unarmed Combat
  4359 | D:6      | XOM is BORED!
  4359 | D:6      | XOM: summons 3 hostile demons
  4585 | D:6      | Found a shimmering altar of Xom.
  4586 | D:6      | Found a hazy altar of Hepliaklqana.
  4587 | D:6      | Noticed a spectral ugly thing
  4651 | D:6      | XOM: mild Summ miscast
  4658 | D:6      | Reached skill level 4 in Fighting
  4918 | D:7      | Noticed a spriggan baker
  4926 | D:7      | Killed a spriggan baker
  4926 | D:7      | Reached skill level 5 in Fighting
  5054 | D:7      | XOM: harmless Chrm miscast
  5089 | D:7      | XOM: 1-stop teleportation journey
  5273 | D:7      | XOM: 1-stop teleportation journey
  5312 | D:7      | Found a staircase to the Ecumenical Temple.
  5337 | D:7      | XOM: harmless Pois miscast
  5338 | D:7      | XOM: divination: magic mapping
  5346 | D:7      | Reached XP level 8. HP: 60/64 MP: 8/8
  5364 | D:7      | Reached skill level 6 in Fighting
  5511 | D:7      | Noticed a hippogriff
  5511 | D:7      | XOM: confuse monster(s)
  5533 | D:6      | XOM: god gift: 10 royal jellies
  5635 | D:7      | XOM: confuse monster(s)
  5643 | D:7      | Killed a hippogriff
  5643 | D:7      | Reached skill level 7 in Fighting
  5926 | D:6      | XOM is BORED!
  5926 | D:6      | XOM: medium Tmut miscast
  5946 | D:6      | XOM: god gift: scintillating lead ring {god gift}
  5947 | D:6      | Got a scintillating lead ring {god gift}
  6178 | D:6      | Reached skill level 8 in Fighting
  6306 | D:7      | XOM: divination: detect creatures
  6309 | D:7      | XOM: 1-stop teleportation journey
  6356 | D:7      | XOM: enchant monster (good)
  6361 | D:6      | XOM: cleaving
  6393 | D:6      | XOM: butterfly on damage
  6399 | D:6      | XOM: enchant monster (good)
  6581 | D:6      | XOM: smoke on damage
  6751 | D:7      | XOM: summons 8 friendly demons
  6753 | D:7      | Reached skill level 9 in Fighting
  6985 | D:7      | XOM: divination: detect creatures
  7146 | D:7      | Identified the ring "Sacosiemu" {Fire rElec Dex+2 Stlth+} (Xom gifted it to you on level 6 of the Dungeon)
  7180 | D:8      | Reached XP level 9. HP: 75/76 MP: 9/9
  7378 | D:8      | Found Rajyxen's Food Shop.
  7440 | D:8      | Found a staircase to the Lair.
  7453 | D:8      | XOM: scenery: create altars
  7676 | D:8      | XOM: enchant monster (good)
  7679 | D:8      | XOM: enchant monster (bad)
  7750 | D:8      | Reached skill level 8 in Unarmed Combat
  7888 | D:7      | XOM: summons 1 hostile demon
  8033 | D:8      | XOM: summons 5 friendly demons
  8044 | D:8      | XOM: smoke on damage
  8061 | D:8      | XOM: mild Tloc miscast
  8149 | D:7      | XOM: medium Hex miscast
  8256 | D:7      | XOM: mild Divn miscast
  8410 | D:8      | Found a shadowy altar of Dithmenos.
  8410 | D:8      | XOM: 1-stop teleportation journey
  8471 | D:8      | XOM: cast spell 'Summon Small Mammal'
  8472 | D:8      | XOM: confusion (+ monsters)
  8501 | D:8      | Reached skill level 9 in Unarmed Combat
  8639 | D:8      | XOM is BORED!
  8639 | D:8      | XOM: mild Necr miscast
  8764 | D:8      | XOM: butterfly on damage
  8765 | D:8      | XOM: confusion (+ monsters)
  9045 | D:8      | XOM: harmless Tloc miscast
  9058 | D:8      | Reached skill level 1 in Dodging
  9082 | D:8      | Noticed Erica
  9084 | D:8      | XOM: enchant monster (good)
  9105 | D:8      | XOM: noise
  9126 | D:8      | a bezotted worker ant gained the power of zot.
  9147 | D:7      | XOM: medium Necr miscast
  9287 | D:8      | XOM: enchant monster (bad)
  9348 | D:8      | Reached skill level 2 in Armour
  9361 | D:8      | Noticed Grum
  9374 | D:8      | Killed Grum
  9374 | D:8      | Reached skill level 3 in Armour
  9379 | D:8      | XOM: cast spell 'Metabolic Englaciation'
  9384 | D:8      | Reached skill level 4 in Armour
  9467 | D:8      | XOM: god gift: scroll of fear
  9496 | D:8      | XOM: god gift: runed battleaxe {god gift}
  9705 | D:8      | Found a stormy altar of Qazlal.
  9705 | D:8      | Found an opulent altar of Gozag.
  9705 | D:8      | XOM: 6-stop teleportation journey
  9715 | D:8      | XOM: scenery: create altars
  9977 | D:8      | Found a snail-covered altar of Cheibriados.
 10038 | D:8      | Killed Erica
 10038 | D:8      | Reached skill level 5 in Armour
 10038 | D:8      | Reached XP level 10. HP: 61/83 MP: 10/10
 10161 | D:8      | Found a blossoming altar of Fedhas.
 10230 | D:8      | XOM: destruction
 10376 | D:9      | XOM: 3-stop teleportation journey
 10465 | D:9      | Reached skill level 6 in Armour
 10477 | D:9      | XOM: harmless Tmut miscast
 10506 | D:9      | Learned a level 2 spell: Swiftness
 10509 | D:9      | Learned a level 2 spell: Repel Missiles
 10764 | D:9      | Noticed Gastronok
 10832 | D:9      | XOM: cleaving
 10835 | D:9      | XOM: harmless Erth miscast
 10837 | D:9      | Killed Gastronok
 10837 | D:9      | Reached skill level 8 in Armour
 10912 | D:9      | Found a staircase to the Orcish Mines.
 10937 | D:9      | XOM: 5-stop teleportation journey
 11022 | D:9      | XOM: polymorph orc -> leopard gecko
 11137 | D:9      | Noticed a cyclops
 11149 | D:9      | Mangled by a cyclops

Vault maps used:
D:1:      dpeg_arrival_castle
D:2:      kennysheep_generic_room_13, uniq_natasha
D:5:      elyvilon_altar_5, first_bread, serial_shops, shop, uniq_menkaure
D:6:      regret_index_temple_of_mockery
D:7:      the_bakery
D:8:      fedhas_altar_4, minitemple, nicolae_overflow_crystal_walls,
          erik_lair_orcish_takeover, serial_shops, shop_statue, uniq_grum,
          uniq_erica
D:9:      hiddenorc1_lemuel, grunt_ministairs_12, uniq_gastronok

Skill      XL: |  1  2  3  4  5  6  7  8  9 10 |
---------------+-------------------------------+-----
Unarmed Combat | 3 4 5 6 7 9 |  9.0
Fighting       | 5 9 |  9.4
Dodging        | 1 |  1.5
Armour         | 5 8 |  8.2

Action                   |  1- 3 |  4- 6 |  7- 9 | 10-12 || total
-------------------------+-------+-------+-------+-------++-------
Melee: Unarmed           |   167 |   236 |   470 |   183 ||  1056
       Punch             |     3 |     9 |    14 |     6 ||    32
Throw: Javelin           |     1 |     1 |    26 |     5 ||    33
       Throwing net      |       |       |     1 |       ||     1
Evoke: Wand              |       |     2 |    22 |     1 ||    25
  Use: Scroll            |     2 |     8 |     8 |     3 ||    21
 Stab: Distracted        |       |     1 |       |       ||     1
       Petrified         |       |       |     3 |       ||     3
       Sleeping          |       |       |     1 |       ||     1
Armor: Leather armour    |    82 |    72 |    65 |       ||   219
       Chain mail        |       |       |    56 |    86 ||   142
       Ring mail         |       |       |    41 |       ||    41
Dodge: Dodged            |    84 |   122 |   203 |    48 ||   457

Table legend:
 A = Turns spent in this place as a percentage of turns spent in the entire game.
 B = Non-inter-level travel turns spent in this place as a percentage of non-inter-level travel turns spent in the entire game.
 C = Inter-level travel turns spent in this place as a percentage of turns spent in this place.
 D = Turns resting spent in this place as a percentage of non-inter-level travel turns spent in this place.
 E = Turns spent auto-exploring this place as a percentage of non-inter-level travel turns spent in this place.
 F = Non-inter-level travel turns spent in this place divided by the number of levels of this place that you've seen.
                   A       B       C       D       E      F
               +-------+-------+-------+-------+-------+----------------------
         Total | 100.0 | 100.0 |   0.4 |   4.6 |   5.8 | 378.7
       Dungeon | 100.0 | 100.0 |   0.4 |   4.6 |   5.8 | 378.7
               +-------+-------+-------+-------+-------+----------------------

Table legend:
 A = Kills in this place as a percentage of kills in entire the game.
 B = Kills by you in this place as a percentage of kills by you in the entire game.
 C = Kills by friends in this place as a percentage of kills by friends in the entire game.
 D = Other kills in this place as a percentage of other kills in the entire game.
 E = Experience gained in this place as a percentage of experience gained in the entire game.
 F = Experience gained in this place divided by the number of levels of this place that you have seen.
                   A       B       C       D       E      F
               +-------+-------+-------+-------+-------+----------------------
         Total | 100.0 | 100.0 | 100.0 |  -nan | 100.0 | 1101.3
       Dungeon | 100.0 | 100.0 | 100.0 |  -nan | 100.0 | 1101.3
               +-------+-------+-------+-------+-------+----------------------
